 Seeded DCSS version 0.29.1-15-g9cfb28693d (webtiles) character file.

Game seed: 16245865983455551772 (custom seed)

3110 Atreus the Transmogrifier (level 9, 0/162 HPs)
             Began as a Black Draconian Transmuter on Mar 6, 2023.
             Was a Follower of Wu Jian.
             Slain by a hornet (3 damage)
             ... on level 8 of the Dungeon on Mar 7, 2023.
             The game lasted 00:26:27 (10891 turns).

Atreus the Transmogrifier (DrTm)                   Turns: 10891, Time: 00:26:28

Health: 0/162      AC: 24    Str: 12    XL:     9   Next: 60%
Magic:  18/19      EV:  2    Int: 30    God:    Wu Jian [*.....]
Gold:   860        SH:  0    Dex: 12    Spells: 7/22 levels left

rFire   + . .      SeeInvis .   c - +9 glaive of the Fulmar {vorpal, rElec rF+}
rCold   . . .      Faith    .   (shield currently unavailable)
rNeg    . . .      Spirit   .   (body armour unavailable)
rPois   +          Reflect  .   (helmet currently unavailable)
rElec   +          Harm     .   (cloak currently unavailable)
rCorr   .          Rampage  .   (gloves currently unavailable)
Will    .....      NoTele   +   (boots currently unavailable)
Stlth   ..........              q - amulet of regeneration
HPRegen 1.17/turn               i - +6 ring of intelligence
MPRegen 0.16/turn               j - +6 ring of intelligence

@: berserking, lethally poisoned (0 -> 0), short of breath, tree-form, very
quick
A: stationary, stasis, torment immunity, boosted hp, (breathe lightning), AC +7,
unfitting armour, (electricity resistance), (cold-blooded)
a: Renounce Religion


You were on level 8 of the Dungeon.
You worshipped Wu Jian.
Wu Jian was aware of your devotion.
You were a tree.
You visited 2 branches of the dungeon, and saw 9 of its levels.

You collected 860 gold pieces.

Inventory:

Hand Weapons
 b - a +0 dagger
 c - the +9 glaive of the Fulmar (weapon) {vorpal, rElec rF+}
   (You acquired it on level 1 of the Dungeon)

   It inflicts extra damage upon your enemies.
   rF:        It protects you from fire.
   rElec:     It insulates you from electricity.
 d - a +1 lajatang of electrocution
Armour
 h - a +0 scale mail
 t - a +0 kite shield
 C - a +2 hat (melded)
Jewellery
 i - a +6 ring of intelligence (left branch)
 j - a +6 ring of intelligence (right branch)
 q - an amulet of regeneration (around neck)
 u - a ring of ice
Wands
 k - a wand of flame (53)
 n - a wand of roots (21)
 y - a wand of charming (10)
Scrolls
 g - 8 scrolls of teleportation
 l - a scroll of enchant weapon {unknown}
 m - 2 scrolls of summoning {unknown}
 o - a scroll of noise {unknown}
 r - 2 scrolls of immolation
 v - a scroll of silence {unknown}
 x - a scroll of butterflies {unknown}
 z - a scroll of amnesia
 B - a scroll of poison {unknown}
 D - a scroll of identify
Potions
 a - 2 potions of lignification
 e - a potion of might
 f - 2 potions of flight
 p - a potion of magic
 w - 4 potions of brilliance
 A - a potion of attraction


   Skills:
 - Level 4.6 Fighting
 - Level 0.3 Polearms
 - Level 1.7 Dodging
 - Level 5.3 Unarmed Combat
 + Level 7.1 Spellcasting
 - Level 8.9 Transmutations
 - Level 3.1 Ice Magic
 - Level 0.6 Evocations


You had 7 spell levels left.
You knew the following spells:

 Your Spells              Type           Power      Damage    Failure   Level
a - Beastly Appendage     Tmut           100%       N/A       1%          1
b - Wereblood             Tmut           59%        N/A       1%          2
c - Spider Form           Tmut/Pois      37%        N/A       2%          3
d - Blade Hands           Tmut           29%        N/A       3%          5
e - Ice Form              Ice/Tmut       47%        N/A       3%          4

Your spell library contained the following spells:

 Spells                   Type           Power      Damage    Failure   Level
 Sting                    Tmut/Pois      100%       1d8       1%          1
 Poisonous Vapours        Pois/Air       20%        N/A       7%          2
 Confusing Touch          Hex            10%        N/A       14%         3
 Irradiate                Conj/Tmut      18%        3d17      21%         5
 Yara's Violent Unravell  Hex/Tmut       18%        3d9       21%         5
 Olgreb's Toxic Radiance  Pois           10%        N/A       43%         4
 Dragon Form              Tmut           29%        N/A       71%         7
 Enfeeble                 Hex            5%         N/A       100%        7
 Chain Lightning          Conj/Air       5%         3d6       100%        9
 Fire Storm               Conj/Fire      5%         8d1       100%        9
 Shatter                  Erth           5%         3d8*      100%        9


Dungeon Overview and Level Annotations

Branches:
Dungeon (8/15)             Temple (1/1) D:5
   Lair: D:8-11

Altars:
Cheibriados
Dithmenos
Elyvilon
Fedhas
Gozag
Hepliaklqana
Kikubaaqudgha
Makhleb
Sif Muna
Trog
Uskayaw
Vehumet
Wu Jian
Yredelemnul
Zin
The Shining One

Shops:
D:3 [   D:4 *:[   D:7 =

Annotations:
D:6 exclusion: oklob plant
D:8 Maurice, Psyche


Innate Abilities, Weirdness & Mutations

You are a tree.
Your roots penetrate the ground, keeping you stationary.
You cannot be teleported.
You are immune to unholy pain and torment.
Your maximum health is greatly increased.
Your equipment is partially melded.
((You can breathe wild blasts of lightning.))
((Your glossy black scales are hard. (AC +7)))
You cannot fit into any form of body armour.
((You are resistant to electric shocks. (rElec)))
((You are cold-blooded and may be slowed by cold attacks.))


Message History

* * * LOW HITPOINT WARNING * * *
You are poisoned.
You feel yourself slow down.
The howler monkey hoots and howls with incredible vigour!
You hear a shout! x4; You hear an angry buzzing noise. x4
You spin and attack the howler monkey.
You hit the howler monkey but do no damage.
The howler monkey is severely wounded.
You spin and attack the hornet.
You barely miss the hornet.
You tail-slap the hornet, but do no damage.
The hornet is heavily wounded.
You feel yourself speed up.
You feel very sick. The hornet barely misses you. The howler monkey hits you.
* * * LOW HITPOINT WARNING * * *
The hornet barely misses you.
You see here a black bear corpse.
Okay, then.
Really quaff the potion of lignification?
Your hands revert to their normal proportions.
The +9 glaive of the Fulmar {vorpal, rElec rF+} unmelds from your body.
You turn into a tree.
Your +2 hat melds into your body.
Your roots penetrate the ground.
You feel sick.
The howler monkey hits you but does no damage.
The hornet stings you but does no damage.
The howler monkey hits you but does no damage.
The hornet stings you but does no damage.
A red film seems to cover your vision as you go berserk!
You feel yourself moving faster!
You feel mighty!
You feel sick.
The hornet stings you but does no damage.
The howler monkey hits you but does no damage.
You cannot move.
You cannot move.
Reach: c) +9 glaive of the Fulmar {vorpal, rElec rF+}
Press: ? - help, Dir - move target, f - howler monkey
Aim: a howler monkey (severely wounded, inner flame, about 39% to evade the +9 glaive of the Fulmar)
You closely miss the howler monkey.
The howler monkey is severely wounded.
You feel sick. The hornet stings you.
You die...

#................
#..).............
########.).)...........
...........[........#
....................#
...............hY)..#
........########Y####
........########h#
...............♣.#
###.............y#
#..............#
#..............#
#...............
#.............###
###############


You could see 2 yaks, a hornet (inner flame) and a howler monkey (inner flame).

Vanquished Creatures
  Sigmund (D:5)
  A steam dragon (D:7)
  A water moccasin (D:6)
  2 ice beasts
  2 orc warriors
  2 black bears
  An ogre (D:4)
  A phantom (D:6)
  A centaur (D:5)
  2 kobold brigands
  4 bullfrogs
  2 necrophages
  6 scorpions
  4 wights (D:7)
  2 howler monkeys (D:7)
  A wandering mushroom (D:6)
  2 orc priests
  A gnoll bouda (D:7)
  4 hounds
  An iron imp (D:4)
  Jessica (D:2)
  3 iguanas
  5 orc wizards
  Natasha (thrice) (D:3)
  A hound skeleton (D:4)
  8 gnolls
  5 adders
  A white imp (D:5)
  A dart slug (D:5)
  16 orcs
  6 ball pythons
  3 bats
  8 endoplasms
  A giant cockroach (D:4)
  5 goblins
  8 hobgoblins
  19 kobolds
  4 quokkas
  3 frilled lizards
  7 rats
149 creatures vanquished.

Vanquished Creatures (others)
  28 fungi (D:8)
  31 plants
59 creatures vanquished.

Grand Total: 208 creatures vanquished

Notes
Turn   | Place    | Note
-------+----------+-------------------------------------------
     0 | D:1      | Atreus the Draconian Transmuter began the quest for the
                  | Orb.
     0 | D:1      | Reached XP level 1. HP: 16/16 MP: 3/3
    83 | D:1      | Identified 3 scrolls of acquirement
    83 | D:1      | Acquired a book of Transfigurations
    85 | D:1      | Acquired a +1 lajatang of electrocution
    87 | D:1      | Acquired the +9 glaive of the Fulmar {vorpal, rElec rF+}
   287 | D:1      | Found a faded altar of an unknown god.
   293 | D:1      | Prayed at the altar of an unknown god.
   293 | D:1      | Became a worshipper of Fedhas Madash
   293 | D:1      | Reached * piety under Fedhas
   308 | D:1      | Reached XP level 2. HP: 23/23 MP: 3/5
   315 | D:1      | Learned a level 2 spell: Wereblood
  1411 | D:2      | Reached skill level 3 in Transmutations
  1411 | D:2      | Reached XP level 3. HP: 23/28 MP: 4/6
  1551 | D:2      | Noticed Jessica
  1557 | D:2      | HP: 1/23 [Jessica/+0 dagger of draining (1)]
  1558 | D:2      | Killed Jessica
  2577 | D:3      | Reached XP level 4. HP: 34/34 MP: 8/8
  2586 | D:3      | Learned a level 3 spell: Spider Form
  2684 | D:3      | Found Ymmy Ciutu's Antique Armour Shoppe.
  2699 | D:3      | Reached ** piety under Fedhas
  2707 | D:3      | Reached skill level 4 in Transmutations
  2948 | D:3      | Reached XP level 5. HP: 40/40 MP: 9/9
  3190 | D:3      | Noticed Natasha
  3198 | D:3      | Killed Natasha
  3283 | D:3      | Learned a level 5 spell: Blade Hands
  3379 | D:3      | Noticed Natasha
  3387 | D:3      | Killed Natasha
  3588 | D:3      | Noticed Natasha
  3593 | D:3      | Killed Natasha
  4091 | D:4      | Found Gamycsypi's Antique Armour Boutique.
  4117 | D:4      | Reached skill level 5 in Transmutations
  4117 | D:4      | Reached XP level 6. HP: 16/47 MP: 10/12
  4156 | D:4      | Found Tuuwolaw's General Store.
  4218 | D:4      | Found a snail-covered altar of Cheibriados.
  4465 | D:4      | Found a burning altar of Makhleb.
  4490 | D:4      | Reached skill level 6 in Transmutations
  4542 | D:4      | Found a shadowy altar of Dithmenos.
  4589 | D:4      | Your scales start taking on a glossy black colour.
  4589 | D:4      | Reached XP level 7. HP: 52/52 MP: 4/13
  4589 | D:4      | Gained mutation: You are resistant to electric shocks.
                  | (rElec) [Black Draconian growth]
  5046 | D:4      | Found Koenoidu's Book Boutique.
  5211 | D:5      | Entered Level 5 of the Dungeon
  5318 | D:5      | Reached skill level 7 in Transmutations
  5871 | D:5      | Found a staircase to the Ecumenical Temple.
  5998 | D:5      | Reached skill level 8 in Transmutations
  6403 | D:5      | Found a glowing silver altar of Zin.
  6476 | D:5      | Noticed Sigmund
  6489 | D:5      | Killed Sigmund
  6490 | D:5      | Reached XP level 8. HP: 45/59 MP: 8/14
  7294 | Temple   | Entered the Ecumenical Temple
  7373 | Temple   | Fell from the grace of Fedhas
  7373 | Temple   | Became a worshipper of the Wu Jian Council
  7616 | D:6      | Learned a level 4 spell: Ice Form
  7992 | D:6      | Noticed an oklob plant
  7992 | D:6      | Noticed a wandering mushroom
  8119 | D:6      | Acquired 475 gold pieces
  9369 | D:7      | Found Dackej's Jewellery Shoppe.
  9440 | D:7      | Reached skill level 5 in Unarmed Combat
  9710 | D:7      | Found a hazy altar of Hepliaklqana.
  9740 | D:7      | Reached XP level 9. HP: 66/72 MP: 10/15
  9910 | D:7      | Reached * piety under Wu Jian
  9911 | D:7      | Reached skill level 5 in Spellcasting
 10619 | D:8      | Noticed Psyche
 10878 | D:8      | Noticed Maurice
 10888 | D:8      | HP: 1/72 [howler monkey (3)]
 10891 | D:8      | Slain by a hornet

Illustrated notes

Levels and vault maps discovered:
D:1:      minmay_arrival_hallway, layout_loops_corners, basic_ecumenical_altar,
          minmay_unequal
D:2:      layout_loops_ring, uniq_jessica
D:3:      layout_basic, serial_shops, nicolae_shop_advertising_works
          [nicolae_subvault_shop_adworks], minmay_shallow_snake_nest,
          uniq_natasha
D:4:      layout_rooms, grunt_dithmenos_smoke_and_mirrors,
          makhleb_blood_cavern_becter, slow_altar_1, serial_shops,
          nicolae_square_shop, nicolae_shop_temple_entry_statues_fountains,
          kennysheep_mini_moat, chequers_serial_rivers_large_a,
          minmay_fractal_squares_gapless_5
D:5:      layout_layer_cave, mainiacjoe_overflow_cross_hatched,
          lemuel_temple_firewalk_b, uniq_sigmund
D:6:      layout_basic
D:7:      layout_basic, nicolae_hepliaklqana_hazy_memory, serial_shops,
          nicolae_stop_n_shop_2
D:8:      layout_basic, nicolae_qazlal_style_of_elements,
          grunt_lair_entry_orc_guard_hut, uniq_amaemon, uniq_psyche,
          uniq_joseph, uniq_maurice
Temple:   nicolae_temple_bog_church

Skill      XL: |  1  2  3  4  5  6  7  8  9 |
---------------+----------------------------+-----
Transmutations | 3 4 5 6 8 |  8.9
Spellcasting   | 3 4 7 |  7.1
Ice Magic      | 3 |  3.1
Fighting       | 4 |  4.6
Unarmed Combat | 5 |  5.3
Polearms       | |  0.3
Dodging        | |  1.7
Evocations     | |  0.6

Action                   |  1- 3 |  4- 6 |  7- 9 || total
-------------------------+-------+-------+-------++-------
Melee: Dagger            |     8 |       |       ||     8
       Glaive            |    53 |    40 |    19 ||   112
       Kick              |     5 |     5 |     1 ||    11
       Tailslap          |     1 |     5 |    24 ||    30
       Unarmed           |       |    76 |   183 ||   259
       Punch             |       |       |     5 ||     5
 Cast: Beastly Appendage |     4 |     2 |     2 ||     8
       Wereblood         |    11 |     4 |     1 ||    16
       Spider Form       |       |    15 |    10 ||    25
       Blade Hands       |       |     1 |    17 ||    18
       Ice Form          |       |       |     4 ||     4
Invok: Wall of Briars    |       |       |     1 ||     1
       Lunge             |       |       |    13 ||    13
       Whirlwind         |       |       |    15 ||    15
 Abil: Breathe Lightning |       |       |     9 ||     9
Evoke: Wand              |       |       |     3 ||     3
  Use: Scroll            |     3 |       |    11 ||    14
       Potion            |       |       |     5 ||     5
 Stab: Sleeping          |       |     1 |       ||     1
Armor: Skin              |    28 |    26 |    80 ||   134
Dodge: Dodged            |    53 |    79 |   151 ||   283
